 Dungeon Crawl Stone Soup version 0.20-a0-303-g575bbf7 (webtiles) character file.

124 Junicave the Digger (level 5, -1/28 HPs)
             Began as a Gargoyle Earth Elementalist on Dec 17, 2016.
             Slain by a goblin
             ... wielding a +0 dagger
              (3 damage)
             ... on level 3 of the Dungeon.
             The game lasted 00:10:29 (4301 turns).

Junicave the Digger (Gargoyle Earth Elementalist)   Turns: 4301, Time: 00:10:30

Health: -1/28      AC:  8    Str: 11    XL:     5   Next: 8%
Magic:  2/9        EV: 12    Int: 17    God:
Gold:   109        SH:  0    Dex: 10    Spells: 6/10 levels left

rFire  . . .     SeeInvis .     r - -2 flail (curse)
rCold  . . .     Gourm    .     c - +0 robe
rNeg   + . .     Faith    .     (no shield)
rPois  ∞         Spirit   .     (no helmet)
rElec  +         Reflect  .     u - +0 cloak
rCorr  .         Harm     .     (no gloves)
MR     .....                    p - +0 pair of boots
Stlth  ++........               (no amulet)
                                (no ring)
                                (no ring)

@: no status effects
A: negative energy resistance 1, electricity resistance, unbreathing,
petrification resistance, rot immunity, AC +4
a: no special abilities


You were on level 3 of the Dungeon.
You were not hungry.

You visited 1 branch of the dungeon, and saw 3 of its levels.

You collected 109 gold pieces.

Inventory:

Hand Weapons
 i - a +0 short sword
 r - a cursed -2 flail (weapon)
 s - a +1 dagger of venom
Missiles
 b - 113 stones (quivered)
Armour
 c - a +0 robe (worn)
 p - a +0 pair of boots (worn)
 u - a +0 cloak (worn)
 v - a +0 cloak
Scrolls
 g - a scroll of amnesia {unknown}
 k - a scroll of recharging {unknown}
 l - 3 scrolls of identify {unknown}
 o - a scroll of fog {unknown}
Potions
 f - a potion of berserk rage {unknown}
 h - a potion of degeneration {unknown}
 j - a potion of magic {unknown}
 m - 2 potions of might {unknown}
 n - a potion of flight {unknown}
 t - a potion of ambrosia {unknown}
 w - a potion of agility {unknown}
Books
 e - a book of Geomancy

   Spells                             Type                      Level
   a - Sandblast                      Earth                        1
   b - Passwall                       Transmutation/Earth          2
   c - Stone Arrow                    Conjuration/Earth            3
   d - Petrify                        Transmutation/Earth          4
   e - Lee's Rapid Deconstruction     Earth                        5
Comestibles
 a - a meat ration
 d - 3 bread rations
 q - 6 chunks of flesh


   Skills:
 + Level 2.5 Dodging
 - Level 2.1 Stealth
 + Level 3.2 Spellcasting
 + Level 1.5 Conjurations
   Level 0.7 Transmutations
 + Level 4.4 Earth Magic


You had 6 spell levels left.
You knew the following spells:

 Your Spells              Type           Power        Failure   Level  Hunger
a - Sandblast             Erth           ###...       2%          1    None
b - Stone Arrow           Conj/Erth      ##....       17%         3    ###....


Dungeon Overview and Level Annotations

Branches:
Dungeon (3/15)

Altars:


Innate Abilities, Weirdness & Mutations

You are resistant to torment.
Your stone body is resilient. (AC +4)
You are immune to poison.
You resist negative energy. (rN+)
You are resistant to electric shocks. (rElec)
You can survive without breathing.
You are immune to petrification.
You are immune to rotting.


Message History

The orc priest is severely wounded.
The orc priest hits you but does no damage.
The goblin barely misses you.
The orc priest hits you but does no damage.
You hit the orc priest but do no damage.
The orc priest is severely wounded.
The goblin completely misses you. The orc priest completely misses you.
You hit the orc priest.
The orc priest is almost dead.
The goblin hits you but does no damage. The orc priest barely misses you.
The goblin hits you but does no damage.
Casting: Sandblast
Confirm with . or Enter, or press ? or * to list all spells.
Aiming: Sandblast
Press: ? - help, Shift-Dir - straight line, f/p - orc priest
Aim: an orc priest, wearing a scale mail (almost dead)
The blast of sand hits the orc priest.
The orc priest is almost dead.
The orc priest completely misses you. The goblin hits you with a dagger.
You die...

######### #.# # ##
#.......# #.#####
.....##..[....# #.....#
...............#######.#
......##...............#
. #..#.##........#####..#
..#..#...........# .....#
........#.######.##.##.##
#.......#@# #.).....#
#.....go# ####.####
#.###†### .# #........#
.# #.....#..# .#
#.#........ ## # #.#..
go..# .......#>.# ##.####


#bol You could see an orc priest and a goblin.

Vanquished Creatures
  3 gnolls
  4 adders
  A worm (D:2)
  2 dart slugs
  A leopard gecko (D:2)
  2 orcs (D:3)
  3 giant cockroaches
  3 goblins (D:2)
  5 hobgoblins
  7 jackals
  5 kobolds
  7 bats
  2 frilled lizards (D:2)
  7 rats
52 creatures vanquished.

Vanquished Creatures (others)
  A goblin (D:1)
1 creature vanquished.

Grand Total: 53 creatures vanquished

Notes
Turn   | Place    | Note
-------+----------+-------------------------------------------
     0 | D:1      | Junicave the Gargoyle Earth Elementalist began the quest for the Orb.
     0 | D:1      | Reached XP level 1. HP: 10/10 MP: 3/3
   491 | D:1      | Reached XP level 2. HP: 15/15 MP: 5/5
  2195 | D:2      | Reached XP level 3. HP: 15/19 MP: 6/6
  2200 | D:2      | Learned a level 3 spell: Stone Arrow
  2294 | D:2      | Reached skill level 4 in Earth Magic
  2584 | D:2      | Reached skill level 1 in Conjurations
  2584 | D:2      | Reached XP level 4. HP: 9/24 MP: 1/8
  4213 | D:3      | Reached XP level 5. HP: 26/28 MP: 9/9
  4301 | D:3      | Slain by a goblin

Vault maps used:
D:1:      lightli_arrival_maybe_door_vault
D:2:      kennysheep_generic_room_16
D:3:      uniq_jessica, uniq_grinder

Skill      XL: |  1  2  3  4 |
---------------+-------------+-----
Dodging        | 2 |  2.5
Earth Magic    | 4 |  4.4
Conjurations   | 1 |  1.5
Spellcasting   | 3 |  3.2
Stealth        | |  2.1
Transmutations | |  0.7

Action                   |  1- 3 |  4- 6 || total
-------------------------+-------+-------++-------
Melee: Short sword       |    67 |       ||    67
       Flail             |     2 |   108 ||   110
 Cast: Sandblast         |    34 |    36 ||    70
  Eat: Chunk             |     5 |     6 ||    11
Armor: Robe              |    41 |    86 ||   127
Dodge: Dodged            |    81 |   157 ||   238
